 Dungeon Crawl Stone Soup version 0.19.1 (webtiles) character file.

490 graki42 the Basher (level 7, -4/106 HPs)
             Began as an Ogre Gladiator on Dec 22, 2016.
             Slain by Grinder (8 damage)
             ... on level 4 of the Dungeon.
             The game lasted 00:10:34 (4598 turns).

graki42 the Basher (Ogre Gladiator)                 Turns: 4598, Time: 00:10:34

Health: -4/106     AC:  4    Str: 27    XL:     7   Next: 14%
Magic:  7/7        EV: 17    Int:  8    God:
Gold:   184        SH:  0    Dex: 15    Spells: 0 memorised, 6 levels left

rFire  x . .     SeeInvis .     a - +0 flail
rCold  + . .     Gourm    .     b - +0 robe
rNeg   . . .     Faith    .     (no shield)
rPois  .         Spirit   .     c - +0 hat
rElec  .         Reflect  .     h - +0 cloak
rCorr  .         Harm     .     (gloves unavailable)
MR     .....                    (boots unavailable)
Stlth  ..........               (no amulet)
                                (no ring)
                                l - ring of ice

@: agile, berserking, very slightly contaminated, hasted, very quick
A: unfitting armour, tough skin 1
a: no special abilities


You were on level 4 of the Dungeon.
You were not hungry.

You visited 1 branch of the dungeon, and saw 5 of its levels.

You collected 184 gold pieces.

Inventory:

Hand Weapons
 a - a +0 flail (weapon)
 o - a +0 dagger of venom
Missiles
 d - 3 throwing nets (quivered)
Armour
 b - a +0 robe (worn)
 c - a +0 hat (worn)
 h - a +0 cloak (worn)
Jewellery
 l - a ring of ice (left hand)
 v - the ring "Xoen" {-Tele rC+ rN+ MR+ Dex+4, unknown}
   (You found it on level 5 of the Dungeon)

   [ring of protection from cold]

   It affects your dexterity (+4).
   It protects you from cold.
   It protects you from negative energy.
   It affects your resistance to hostile enchantments.
   It prevents most forms of teleportation.
Wands
 m - a wand of slowing (20/48)
Scrolls
 j - a scroll of identify
 p - 2 scrolls of amnesia {unknown}
 q - a scroll of teleportation {unknown}
 r - a scroll of enchant weapon {unknown}
 t - a scroll of fear {unknown}
 u - a scroll of enchant armour {unknown}
 w - a scroll of magic mapping {unknown}
Potions
 e - 2 potions of agility
Comestibles
 f - 2 bread rations
 g - 4 meat rations
 n - 4 fruits
 s - 2 beef jerkies


   Skills:
 + Level 4.4 Fighting
 + Level 8.3 Maces & Flails
 + Level 2.1 Throwing
 + Level 4.3 Dodging


You had 6 spell levels left.
You didn't know any spells.

Dungeon Overview and Level Annotations

Branches:
Dungeon (5/15)
 Temple: D:4-7

Altars:

Shops:
D:5 *

Annotations:
D:4 Grinder


Innate Abilities, Weirdness & Mutations

You are too large for most types of armour.
You have tough skin. (AC +1)


Message History

Grinder blinks!
You feel less exhausted.
There is an open door here.
You closely miss Grinder.
Grinder is severely wounded.
Grinder hits you.
* * * LOW HITPOINT WARNING * * *
You writhe in agony.
* * * LOW HITPOINT WARNING * * *
A red film seems to cover your vision as you go berserk!
You feel yourself moving faster!
You feel mighty!
You barely miss Grinder.
Grinder is severely wounded.
Grinder completely misses you.
You hit Grinder.
Grinder is severely wounded.
You closely miss Grinder.
Grinder is severely wounded.
Grinder hits you!
You die...

## ♣♣♣♣♣#
#####♣♣♣.♣..# ####
#...#♣..♣..P. #..#
#..)'.♣♣♣♣PP. #.##
#)..#♣♣ ♣♣.# #.#
##### ♣♣# ##@##
#.5.# #...#
########### #...#
#.......... #...#
#..........
#.(.#####...!..%...
#..................
#......##..........
#......##..........


You could see Grinder.

Vanquished Creatures
  A sky beast (D:5)
  A howler monkey (D:4)
  A hound (D:5)
  A quasit (D:5)
  Crazy Yiuf (D:4)
  A jelly (D:3)
  A worker ant (D:5)
  8 adders
  2 oozes
  An adder skeleton (D:5)
  4 worms
  3 dart slugs
  2 leopard geckos (D:2)
  12 orcs
  8 bats
  6 giant cockroaches
  10 goblins
  4 hobgoblins
  9 jackals
  2 quokkas
  4 frilled lizards
  A giant cockroach zombie (D:5)
  9 kobolds
  A quokka skeleton (D:5)
  8 rats
101 creatures vanquished.

Vanquished Creatures (others)
  A bat (D:1)
1 creature vanquished.

Grand Total: 102 creatures vanquished

Notes
Turn   | Place    | Note
-------+----------+-------------------------------------------
     0 | D:1      | graki42 the Ogre Gladiator began the quest for the Orb.
     0 | D:1      | Reached XP level 1. HP: 22/22 MP: 1/1
   313 | D:1      | Reached XP level 2. HP: 14/29 MP: 2/2
   771 | D:1      | Reached XP level 3. HP: 36/36 MP: 3/3
  1542 | D:2      | Reached skill level 5 in Maces & Flails
  1542 | D:2      | Reached XP level 4. HP: 30/45 MP: 4/4
  1820 | D:2      | Found a faded altar of an unknown god.
  2170 | D:3      | Reached XP level 5. HP: 18/53 MP: 5/5
  2451 | D:3      | Reached skill level 6 in Maces & Flails
  2943 | D:4      | Found a runed door.
  2947 | D:4      | Noticed Crazy Yiuf
  2955 | D:4      | Killed Crazy Yiuf
  3511 | D:4      | Reached XP level 6. HP: 58/61 MP: 6/6
  3606 | D:4      | Reached skill level 7 in Maces & Flails
  3844 | D:4      | You fall through a shaft!
  3844 | D:5      | Entered Level 5 of the Dungeon
  3844 | D:5      | Found a runed door.
  4054 | D:5      | Found Vuex's General Store.
  4243 | D:5      | Noticed a sky beast
  4258 | D:5      | Killed a sky beast
  4258 | D:5      | Reached skill level 8 in Maces & Flails
  4258 | D:5      | Reached XP level 7. HP: 46/71 MP: 7/7
  4475 | D:5      | Got a steaming glass ring
  4541 | D:4      | Noticed Grinder
  4546 | D:4      | Paralysed by Grinder for 5 turns
  4594 | D:4      | HP: 2/71 [Grinder (2)]
  4598 | D:4      | Slain by Grinder

Skill      XL: |  1  2  3  4  5  6 |
---------------+-------------------+-----
Dodging        | 3 4 |  4.3
Fighting       | 3 4 |  4.4
Maces & Flails | 5 6 8 |  8.3
Throwing       | |  2.1

Action                   |  1- 3 |  4- 6 |  7- 9 || total
-------------------------+-------+-------+-------++-------
Melee: Flail             |   133 |   200 |    29 ||   362
Evoke: Wand              |       |       |     1 ||     1
  Use: Scroll            |       |     5 |       ||     5
       Potion            |       |     2 |     4 ||     6
  Eat: Chunk             |     1 |     8 |     2 ||    11
       Fruit             |       |     1 |       ||     1
Armor: Robe              |    53 |    47 |     3 ||   103
       Skin              |       |     2 |     4 ||     6
Dodge: Dodged            |    88 |   115 |     9 ||   212
